 Dungeon Crawl Stone Soup version 0.16.1-28-gcc2312f (webtiles) character file.

1787 Zyh the Cleaver (level 8, 0/58 HPs)
             Began as a Demonspawn Berserker on May 23, 2015.
             Was a High Priest of Trog.
             Killed by Olgreb's Toxic Radiance
             ... invoked by mage's ghost
              (9 damage)
             ... on level 7 of the Dungeon.
             The game lasted 00:22:15 (5244 turns).

Zyh the Cleaver (Demonspawn Berserker)              Turns: 5244, Time: 00:22:15

Health: 0/58       AC: 17    Str: 21    XL:     8   Next: 82%
Magic:  8/8        EV:  7    Int:  8    God:    Trog [*****.]
Gold:   328        SH:  0    Dex: 12    Spells: 0 memorised, 7 levels left

rFire  . . .     SeeInvis .     v - +0 broad axe
rCold  . . .     Clarity  .     B - +0 plate armour
rNeg   . . .     SustAb   .     (no shield)
rPois  .         Gourm    .     d - +0 helmet
rElec  .         Spirit   .     m - +0 cloak
rCorr  .         Warding  .     (no gloves)
rMut   .         Stasis   .     (no boots)
MR     .....                    (no amulet)
Stlth  ..........               (no ring)
                                (no ring)

@: lethally poisoned (0 -> -2), exhausted, very slightly contaminated, hasted
and slowed, not resistant to hostile enchantments, extremely unstealthy
A: talons 1, slimy green scales 2, blink 1, blurry vision 1, foul stench 1,
regeneration 1, rot immunity
a: Blink, Burn Spellbooks, Berserk, Trog's Hand, Brothers in Arms, Renounce
Religion


You were on level 7 of the Dungeon.
You worshipped Trog.
Trog was extremely pleased with you.
You were not hungry.

You visited 1 branch of the dungeon, and saw 7 of its levels.

You collected 328 gold pieces.

Inventory:

Hand weapons
 q - a +0 war axe
 v - a +0 broad axe (weapon)
 w - a +1 hand axe of electrocution
Armour
 d - a +0 helmet (worn)
 m - a +0 cloak (worn)
 z - the +1 leather armour of the Gloaming {rF+ rN+ Dex+10 Slay-3, unknown}
   (You found it on level 7 of the Dungeon)

   It affects your dexterity (+10).
   It affects your accuracy and damage with ranged weapons and melee attacks
   (-3).
   It protects you from fire.
   It protects you from negative energy.
 B - a +0 plate armour (worn)
Magical devices
 r - a wand of random effects (4)
Scrolls
 a - a scroll of fog {unknown}
 g - 4 scrolls of teleportation
 h - 9 scrolls of identify
 k - 2 scrolls of remove curse
 o - a scroll of recharging
 x - a scroll of enchant armour {unknown}
 y - a scroll of magic mapping
Potions
 f - a potion of restore abilities
 n - a potion of haste
 p - 2 potions of brilliance
 u - a potion of cure mutation {unknown}
Books
 b - a book of Battle

   Spells                             Type                      Level
   a - Infusion                       Charms                       1
   b - Shroud of Golubria             Charms/Translocation         2
   c - Song of Slaying                Charms                       2
   d - Spectral Weapon                Hexes/Charms                 3
   e - Regeneration                   Charms/Necromancy            3
   Trog disapproves of the use of such an item.
 e - a book of the Sky

   Spells                             Type                      Level
   a - Flight                         Charms/Air                   3
   b - Airstrike                      Air                          4
   c - Silence                        Hexes/Air                    5
   d - Deflect Missiles               Charms/Air                   6
   e - Conjure Ball Lightning         Conjuration/Air              6
   f - Tornado                        Air                          9
   Trog disapproves of the use of such an item.
 t - a book of Annihilations {highlevel, unknown}

   This book is beyond your current level of understanding.

   Spells                             Type                      Level
   a - Poison Arrow                   Conjuration/Poison           6
   b - Chain Lightning                Conjuration/Air              8
   c - Lehudib's Crystal Spear        Conjuration/Earth            8
   d - Glaciate                       Conjuration/Ice              9
   e - Fire Storm                     Conjuration/Fire             9
   Trog disapproves of the use of such an item.
Comestibles
 c - 3 bread rations
 i - a slice of pizza
 l - a beef jerky


   Skills:
 - Level 3.0 Fighting
 - Level 10.0 Axes
 * Level 4.3 Armour
 - Level 1.7 Dodging


You had 7 spell levels left.
You didn't know any spells.

Dungeon Overview and Level Annotations

Branches:
Dungeon (7/15)             Temple (0/1) D:4

Altars:
Ashenzari
Cheibriados
Dithmenos
Elyvilon
Fedhas
Kikubaaqudgha
Ru
Sif Muna
Trog
Vehumet
Xom
Yredelemnul

Annotations:
D:7 mage's ghost, experienced SpVM


Innate Abilities, Weirdness & Mutations

You have sharp toenails.
You are mostly covered in slimy green scales (AC +3).
You emit a foul stench.
You are immune to rotting.
You can translocate small distances at will.
Scrolls take you a little longer to read.
Your natural rate of healing is unusually fast.


Message History

Mage's ghost gestures at you while chanting.
The zap hits you!
Found a war axe.
You see here a slice of pizza.
Drink which item? (? for menu, Esc to quit)
You feel better.
Mage's ghost casts a spell.
Mage's ghost begins to radiate toxic energy.
* * * LOW HITPOINT WARNING * * *
You are poisoned.
Your surroundings seem slightly different.
You feel sick.
* * * LOW HITPOINT WARNING * * *
You are more poisoned.
You feel sick.
* * * LOW HITPOINT WARNING * * *
You are more poisoned.
You see here a scale mail.
You feel sick.
You die...

#...........###)#
#.####.####[# #.#
#.####.####.# #.#
#.#Z........###B#######
#...##.####............#
#...##.####.%##.######.
#...##...<...##.#
#.#.##..###..##..
#.#.##.@###.)##....
#.......[W...)...)..
##########.###.#.#.#..##.....
#..........# #.#.##...###...
#.########.# # .......# . #<#
#... ...###.## #.# ##.?#####
#.# #.# .#.# .## #.# .##.# #


You could see mage's ghost.

Vanquished Creatures
  2 orc warriors (D:6)
  The ghost of Mulkerokala the Sneak, an average VSEn (D:4)
  A phantom (D:5)
  4 ogres
  A giant frog (D:6)
  A wyvern zombie (D:6)
  A scorpion (D:4)
  3 orc priests
  2 crimson imps (D:5)
  3 hounds
  A giant frog zombie (D:7)
  A giant frog skeleton (D:6)
  3 worker ants
  5 orc wizards
  Natasha (thrice) (D:4)
  A centaur skeleton (D:5)
  Jessica (D:3)
  A hound zombie (D:7)
  Terence (D:3)
  Robin (D:3)
  3 adders (D:3)
  3 gnolls (D:4)
  2 worms
  5 giant mites
  7 giant geckos
  22 orcs
  A ball python (D:1)
  7 bats
  A bat skeleton (D:5)
  6 giant cockroaches
  16 hobgoblins
  6 quokkas
  6 giant newts
  22 goblins
  12 kobolds
  11 rats
167 creatures vanquished.

Vanquished Creatures (others)
  A goliath beetle (D:7)
  An orc wizard (D:6)
2 creatures vanquished.

Grand Total: 169 creatures vanquished

Notes
Turn   | Place    | Note
--------------------------------------------------------------
     0 | D:1      | Zyh, the Demonspawn Berserker, began the quest for the Orb.
     0 | D:1      | Reached XP level 1. HP: 18/18 MP: 1/1
   268 | D:1      | Gained mutation: You are partially covered in slimy green scales (AC +2). [demonic ancestry]
   268 | D:1      | Reached XP level 2. HP: 9/24 MP: 2/2
   548 | D:1      | Acquired Trog's second power
   940 | D:2      | Gained mutation: You are immune to rotting. [demonic ancestry]
   940 | D:2      | Reached XP level 3. HP: 9/29 MP: 3/3
  1242 | D:2      | Reached skill level 4 in Axes
  1928 | D:3      | Gained mutation: You are mostly covered in slimy green scales (AC +3). [demonic ancestry]
  1928 | D:3      | Reached XP level 4. HP: 16/35 MP: 4/4
  2051 | D:3      | Found a shimmering altar of Xom.
  2130 | D:3      | Noticed Robin
  2132 | D:3      | Gained mutation: Your natural rate of healing is unusually fast. [potion of mutation]
  2132 | D:3      | Gained mutation: Scrolls take you a little longer to read. [potion of mutation]
  2132 | D:3      | Gained mutation: You can translocate small distances at will. [potion of mutation]
  2156 | D:3      | Killed Robin
  2156 | D:3      | Reached skill level 5 in Axes
  2195 | D:3      | Acquired Trog's third power
  2265 | D:3      | Noticed Terence
  2279 | D:3      | Killed Terence
  2395 | D:3      | Gained mutation: You have sharp toenails. [demonic ancestry]
  2395 | D:3      | Reached XP level 5. HP: 38/41 MP: 5/5
  2537 | D:3      | Noticed Jessica
  2543 | D:3      | Killed Jessica
  2598 | D:4      | Noticed Natasha
  2606 | D:4      | Killed Natasha
  2681 | D:4      | Noticed Mulkerokala's ghost (average VSEn)
  2704 | D:4      | Killed Mulkerokala's ghost
  2704 | D:4      | Reached skill level 6 in Axes
  2704 | D:4      | Reached XP level 6. HP: 42/47 MP: 6/6
  2808 | D:4      | Noticed Natasha
  2817 | D:4      | Killed Natasha
  3050 | D:4      | Found a staircase to the Ecumenical Temple.
  3063 | D:4      | Reached skill level 7 in Axes
  3074 | D:4      | Reached XP level 7. HP: 52/52 MP: 7/7
  3137 | D:4      | Noticed Natasha
  3142 | D:4      | Killed Natasha
  3366 | D:4      | Found a shadowy altar of Dithmenos.
  3547 | D:4      | Found a shattered altar of Ashenzari.
  3704 | D:5      | Entered Level 5 of the Dungeon
  3943 | D:5      | Reached skill level 8 in Axes
  4071 | D:5      | Found a basalt altar of Yredelemnul.
  4538 | D:6      | Gained mutation: You emit a foul stench. [demonic ancestry]
  4538 | D:6      | Reached XP level 8. HP: 49/58 MP: 8/8
  4543 | D:6      | Reached skill level 9 in Axes
  4608 | D:6      | Found a basalt altar of Yredelemnul.
  4610 | D:6      | Found an ancient bone altar of Kikubaaqudgha.
  4610 | D:6      | Found a white marble altar of Elyvilon.
  4620 | D:6      | Found a radiant altar of Vehumet.
  4622 | D:6      | Found a blossoming altar of Fedhas.
  4625 | D:6      | Found a snail-covered altar of Cheibriados.
  4660 | D:6      | Found a deep blue altar of Sif Muna.
  4779 | D:6      | Received a gift from Trog
  4924 | D:6      | Found a bloodstained altar of Trog.
  4927 | D:6      | Reached skill level 10 in Axes
  4952 | D:6      | Found a sacrificial altar of Ru.
  5183 | D:7      | Got a faintly humming leather armour
  5228 | D:7      | Noticed mage's ghost (experienced SpVM)
  5244 | D:7      | Killed from afar by mage's ghost

Action                   |  1- 3 |  4- 6 |  7- 9 || total
-------------------------+-------+-------+-------++-------
Melee: Hand axe          |   160 |     1 |       ||   161
       War axe           |       |   119 |       ||   119
       Broad axe         |       |    54 |   241 ||   295
Invok: Berserk           |     1 |     1 |     3 ||     5
       Trog's Hand       |       |     2 |     2 ||     4
Evoke: Wand              |       |       |     4 ||     4
  Use: Potion            |       |     2 |     9 ||    11
       Scroll            |       |     6 |     4 ||    10
  Eat: Meat ration       |     1 |       |     2 ||     3
       Bread ration      |       |     1 |       ||     1
       Royal jelly       |       |       |     1 ||     1
       Pizza             |       |       |     1 ||     1
